 Dungeon Crawl Stone Soup version 0.15.2 (webtiles) character file.

102 kae the Insei (level 4, 0/35 HPs)
             Began as a Draconian Transmuter on Jan 24, 2015.
             Succumbed to poison (a potion of poison)
             ... on Level 2 of the Dungeon.
             The game lasted 00:03:36 (3157 turns).

kae the Insei (Draconian Transmuter)                Turns: 3157, Time: 00:03:36

HP   0/35        AC  5     Str 12      XL: 4   Next: 50%
MP   7/7         EV 12     Int 13      God:
Gold 75          SH  0     Dex 13      Spells:  2 memorised,  4 levels left

rFire  . . .     SeeInvis .       - Unarmed
rCold  . . .     Clarity  .     (armour unavailable)
rNeg   . . .     rCorr    .     (no shield)
rPois  .         rRot     .     (helmet restricted)
rElec  .         Spirit   .     (no cloak)
SustAb .         Warding  .     (no gloves)
rMut   .         Stasis   .     (no boots)
Gourm  .                        (no amulet)
MR     .....                    (no ring)
                                (no ring)

@: lethally poisoned, not resistant to hostile enchantments, very unstealthy
A: unfitting armour, cold-blooded, AC +5
a: no special abilities


You were on level 2 of the Dungeon.
You were near starving.

You visited 1 branch of the dungeon, and saw 3 of its levels.

You collected 75 gold pieces.

Inventory:

Missiles
 b - 8 arrows
Comestibles
 a - 2 bread rations
Scrolls
 c - a scroll of fog
 e - 3 scrolls of identify
 h - a scroll of enchant weapon {unknown}
 i - 2 scrolls of recharging {unknown}
 k - a scroll of remove curse {unknown}
 l - a scroll of blinking {unknown}
 m - a scroll of amnesia {unknown}
Potions
 f - 2 potions of flight
 n - a potion of resistance {unknown}
Books
 d - a book of Changes

   Spells                             Type                      Level
   *Beastly Appendage                 Transmutation                1
   *Sticks to Snakes                  Transmutation                2
   Spider Form                        Transmutation/Poison         3
   Ice Form                           Ice/Transmutation            4
   Blade Hands                        Transmutation                5


   Skills:
 - Level 1.1 Fighting
 - Level 1.7 Dodging
 * Level 4.5 Unarmed Combat
 - Level 2.0 Spellcasting
 + Level 3.4 Transmutations


You had 4 spell levels left.
You knew the following spells:

 Your Spells              Type           Power        Failure   Level  Hunger
a - Beastly Appendage     Trmt           ##....       10%         1    ##.....
b - Sticks to Snakes      Trmt           ##........   12%         2    ###....


Dungeon Overview and Level Annotations

Branches:
Dungeon (3/15)

Altars:

Annotations:
D:3 Sigmund


Innate Abilities, Weirdness & Mutations

Your plain brown scales are hard (AC +5).
Your body does not fit into most forms of armour.
Your cold-blooded metabolism reacts poorly to cold.


Message History

The orc wizard misses you.
You closely miss the orc wizard.
The orc wizard is severely wounded.
The orc wizard gestures wildly while chanting.
The orc wizard flickers and vanishes!
Deactivating autopickup; reactivate with Ctrl-A.
The worm bites you.
* * * LOW HITPOINT WARNING * * *
Something hits you.
* * * LOW HITPOINT WARNING * * *
Drink which item? (? for menu, Esc to quit)
Your magical effects are unravelling.
You feel magically purged.
It was a potion of cancellation.
Something hits you.
* * * LOW HITPOINT WARNING * * *
Drink which item? (? for menu, Esc to quit)
That liquid tasted very nasty...
You are lethally poisoned!
It was a potion of poison.
Your talons disappear.
You die...

#.# #.......##..# ###...# #.#
##...##.##.## #...### #.#
######....####.#.##.
#.#########.........#..#.
#####.#.....................>
##...#.#.########.##.####.....
##......#ยง# #.....#........
##.........#######..####.####...
#.............w@[.....<.........
##.......####..{.##.####.####..#
##......###.............#......
##...#.##..#..........#.......
###..)...##..................
#.......##...............<..
#.......##..................
#.......##..........#.......
#.......##.........(##...#..


You could see a worm.

Vanquished Creatures
  2 adders (D:2)
  5 worms (D:2)
  An orc (D:2)
  10 goblins
  7 hobgoblins
  4 jackals (D:1)
  A ball python (D:2)
  5 bats
  A giant cockroach (D:1)
  3 giant newts
  9 kobolds
  A quokka (D:3)
  9 rats
58 creatures vanquished.

Vanquished Creatures (collateral kills)
  An adder (D:2)
1 creature vanquished.

Grand Total: 59 creatures vanquished

Notes
Turn   | Place    | Note
--------------------------------------------------------------
     0 | D:1      | kae, the Draconian Transmuter, began the quest for the Orb.
     0 | D:1      | Reached XP level 1. HP: 16/16 MP: 3/3
   394 | D:1      | Reached XP level 2. HP: 23/23 MP: 4/4
  1040 | D:1      | Learned a level 2 spell: Sticks to Snakes
  1089 | D:2      | Noticed Sigmund
  1230 | D:2      | Reached XP level 3. HP: 14/28 MP: 6/6
  1592 | D:2      | Reached skill level 4 in Unarmed Combat
  2318 | D:2      | Reached XP level 4. HP: 27/35 MP: 5/7
  3156 | D:2      | HP: 1/35 [something (1)]
  3157 | D:2      | Succumbed to poison (a potion of poison)

Action                   |  1- 3 |  4- 6 || total
-------------------------+-------+-------++-------
Melee: Unarmed           |   123 |    96 ||   219
 Cast: Beastly Appendage |     4 |     2 ||     6
       Sticks to Snakes  |     4 |       ||     4
  Use: Scroll            |     2 |       ||     2
       Potion            |       |     2 ||     2
 Stab: Distracted        |     1 |       ||     1
  Eat: Chunk             |     3 |     3 ||     6
